 Dungeon Crawl Stone Soup version 0.31-a0-841-g038b102fc3 (webtiles) character file.

Game seed: 7494602185283096187

147 CraigForest the Slasher (level 5, -2/35 (47) HPs)
             Began as a Hill Orc Monk on Sept 27, 2023.
             Slain by Edmund
             ... wielding a +2 dire flail of draining
              (11 damage)
             ... on level 4 of the Dungeon.
             The game lasted 00:07:32 (2458 turns).

CraigForest the Slasher (Hill Orc Monk)             Turns: 2458, Time: 00:07:32

HP:   -2/35 (47)    AC: 10    Str: 14    XL:     5   Next: 29%
MP:   5/5           EV: 12    Int:  7    God:
Gold: 135           SH:  0    Dex: 19    Spells: 4/4 levels left

rFire   . . .        a - +0 falchion
rCold   . . .        d - orb {light}
rNeg    . . .        i - +1 ring mail
rPois   +            (no helmet)
rElec   .            (no cloak)
rCorr   +            (no gloves)
SInv    +            (no boots)
Will    .....        (no amulet)
Stlth   +            q - +4 ring of protection
HPRegen 0.25/turn    f - ring "Liuv" {rPois rCorr Int-3 Dex+4 SInv}
MPRegen 0.09/turn

%: no passive effects
@: glowing, very heavily drained
A: no striking features
a: no special abilities


You were on level 4 of the Dungeon.
You visited 1 branch of the dungeon, and saw 4 of its levels.

You collected 135 gold pieces.

Inventory:

Hand Weapons
 a - a +0 falchion (weapon)
 u - a +2 glaive of venom
 w - the +1 flail "Lorem Ipsum" {venom, rPois Will- Int-3 Dex+9}
   (You found it on level 3 of the Dungeon)

   Int-3:     It affects your intelligence (-3).
   Dex+9:     It affects your dexterity (+9).
   rPois:     It protects you from poison Will-: It decreases your willpower.
Missiles
 A - 2 poisoned darts
Armour
 b - a +0 robe
 d - an orb of light (worn)
 i - a +1 ring mail (worn)
 j - a +0 buckler
Jewellery
 f - the ring "Liuv" (right hand) {rPois rCorr Int-3 Dex+4 SInv}
   (You acquired it on level 3 of the Dungeon)

   [ring of see invisible]

   Int-3:     It affects your intelligence (-3).
   Dex+4:     It affects your dexterity (+4).
   rPois:     It protects you from poison SInv: It lets you see invisible.
   rCorr:     It protects you from acid and corrosion.
 o - a ring of fire
 p - a ring of fire
 q - a +4 ring of protection (left hand)
Scrolls
 g - 2 scrolls of vulnerability
 h - 4 scrolls of teleportation
 l - 2 scrolls of identify {unknown}
 n - a scroll of amnesia
 r - 2 scrolls of enchant armour
 t - a scroll of noise {unknown}
 x - a scroll of fog {unknown}
 y - a scroll of poison {unknown}
 z - a scroll of revelation {unknown}
Potions
 c - a potion of ambrosia
 k - a potion of mutation {unknown}
 m - 5 potions of curing {unknown}
 s - a potion of haste {unknown}
 v - a potion of enlightenment {unknown}
 B - 2 potions of might {unknown}


   Skills:
 + Level 4.5 Fighting
 + Level 5.0 Long Blades
 + Level 1.4 Armour
 + Level 3.0 Dodging


You had 4 spell levels left.
You didn't know any spells.
Your spell library was empty.

Dungeon Overview and Level Annotations

Branches:
Dungeon (4/15)
 Temple: D:4-7

Altars:
Xom

Annotations:
D:4 Edmund


Message History

Edmund is lightly wounded.
Edmund says, "A flail is better than a scythe, any day of the week!"
Edmund hits you but does no damage.
You feel drained.
You barely miss Edmund.
Edmund is lightly wounded.
Edmund hits you with a +2 dire flail of draining.
You feel drained.
You hit Edmund but do no damage.
Edmund is lightly wounded.
Edmund hits you but does no damage.
You feel drained.
You hit Edmund.
Edmund is moderately wounded.
Edmund hits you with a +2 dire flail of draining!
You feel drained.
You hit Edmund.
Edmund is moderately wounded.
Edmund misses you.
You slash Edmund!
Edmund is heavily wounded.
Edmund hits you with a +2 dire flail of draining!
You feel drained.
You hit Edmund.
Edmund is heavily wounded.
Edmund barely misses you. x2
You hit Edmund.
Edmund is severely wounded.
Edmund hits you with a +2 dire flail of draining!
* * * LOW HITPOINT WARNING * * *
You feel drained.
You hit Edmund.
Edmund is severely wounded.
Edmund hits you but does no damage.
You feel drained.
You hit Edmund but do no damage.
Edmund is severely wounded.
Edmund hits you but does no damage.
You feel drained.
You hit Edmund but do no damage.
Edmund is severely wounded.
Edmund hits you with a +2 dire flail of draining!
You die...
Edmund says, "I'd like to see a scythe do that!"

# ### .# .. ..#
#.######..##
.#.###...........
.(.(((@@........#
##.#.............
#.####.....#. #
#.##.....#
#........# #
#.##........
#.###.#.####+##...
.............# ..
#########...## .


You could see Edmund.

Vanquished Creatures
  An iguana (D:2)
  A scorpion zombie (D:3)
  4 adders
  An adder zombie (D:3)
  A worm (D:2)
  A dart slug (D:2)
  3 orcs (D:3)
  A bat (D:3)
  5 endoplasms
  3 giant cockroaches
  5 goblins
  3 hobgoblins
  4 quokkas
  6 ball pythons
  2 frilled lizards
  A jackal zombie (D:3)
  5 kobolds
  A quokka zombie (D:3)
  5 rats
53 creatures vanquished.

Notes
Turn   | Place    | Note
-------+----------+-------------------------------------------
     0 | D:1      | CraigForest the Hill Orc Monk began the quest for the Orb.
     0 | D:1      | Reached XP level 1. HP: 19/19 MP: 1/1
   542 | D:1      | Reached XP level 2. HP: 27/27 MP: 2/2
  1058 | D:2      | Reached XP level 3. HP: 27/33 MP: 3/3
  1247 | D:2      | Reached skill level 4 in Long Blades
  1266 | D:2      | Reached XP level 4. HP: 40/40 MP: 4/4
  1697 | D:3      | Found a shimmering altar of Xom.
  1725 | D:3      | Reached skill level 1 in Armour
  1757 | D:3      | Reached XP level 5. HP: 40/47 MP: 5/5
  1861 | D:3      | Identified a scroll of acquirement
  1861 | D:3      | Acquired the ring "Liuv" {rPois rCorr Int-3 Dex+4 SInv}
  1913 | D:3      | Identified the +1 flail "Lorem Ipsum" {venom, rPois Will-
                  | Int-3 Dex+9}
  2320 | D:4      | Reached skill level 5 in Long Blades
  2439 | D:4      | Noticed Edmund
  2458 | D:4      | Slain by Edmund

Illustrated notes

Levels and vault maps discovered:
D:1:      roderic_octagonal_star, layout_loops_corners
D:2:      layout_loops_ring, minmay_quantized
D:3:      layout_loops_ring, mainiacjoe_overflow_catwalk, serial_undead,
          serial_undead_f, serial_undead_c, serial_undead_a, serial_undead_b
D:4:      layout_basic, minmay_temple_entry_mini_moons, uniq_robin, uniq_edmund

Skill      XL: |  1  2  3  4  5 |
---------------+----------------+-----
Fighting       | 4 |  4.5
Long Blades    | 4 5 |  5.0
Armour         | 1 |  1.4
Dodging        | 3 |  3.0

Action                     |  1- 3 |  4- 6 || total
---------------------------+-------+-------++-------
  Melee: Falchion          |    58 |   103 ||   161
  Throw: Dart              |       |     5 ||     5
    Use: Scroll            |     2 |     4 ||     6
 Armour: Robe              |     9 |       ||     9
         Ring mail         |    11 |    53 ||    64
  Dodge: Dodged            |    33 |    66 ||    99

Table legend: (Time is in decaauts)
 A = Elapsed time spent in this place.
 B = Non-inter-level travel time spent in this place.
 C = Inter-level travel time spent in this place.
 D = Time resting spent in this place.
 E = Time spent auto-exploring this place.
 F = Levels seen in this place.
 G = Mean time per level.
                   A        B        C        D        E       F      G
               +--------+--------+--------+--------+--------+-----+--------+
         Total |   2470 |   2421 |     49 |      0 |   1979 |   4 |  617.5 |
       Dungeon |   2470 |   2421 |     49 |      0 |   1979 |   4 |  617.5 |
               +--------+--------+--------+--------+--------+-----+--------+

Top non-repeatable levels by time:
     D:1: 906 daAuts
     D:2: 792 daAuts
     D:3: 622 daAuts
     D:4: 149 daAuts
